 Dungeon Crawl Stone Soup version 0.30.1-9-gdf580d7c3d (webtiles) character file.

Game seed: 12503496131941127533

839 Ironcache the Cruncher (level 8, 0/67 HPs)
             Began as a Gnoll Wanderer on Oct 4, 2023.
             Was an Initiate of Gozag.
             Killed by divine providence
             ... invoked by an orc priest
              (11 damage)
             ... on level 5 of the Dungeon.
             The game lasted 00:23:09 (4881 turns).

Ironcache the Cruncher (Gnoll Wanderer)             Turns: 4881, Time: 00:23:10

Health: 0/67       AC:  6    Str: 14    XL:     8   Next: 0%
Magic:  12/12      EV: 12    Int:  9    God:    Gozag
Gold:   892        SH:  0    Dex: 14    Spells: 13/13 levels left

rFire   . . .        a - +3 quarterstaff
rCold   . . .        (shield currently unavailable)
rNeg    . . .        d - +0 leather armour
rPois   .            (no helmet)
rElec   .            o - +0 cloak
rCorr   +            (no gloves)
SInv    .            p - +1 pair of boots
Will    .....        (no amulet)
Stlth   ++           f - ring of resist corrosion
HPRegen 0.31/turn    (no ring)
MPRegen 0.13/turn

%: no passive effects
@: no status effects
A: fangs 1, strong nose, distributed training
a: Renounce Religion, Potion Petition, Call Merchant, Bribe Branch


You were on level 5 of the Dungeon.
You worshipped Gozag.
Gozag was pleased with you.
You visited 1 branch of the dungeon, and saw 5 of its levels.
You also visited: Sewer.

You collected 892 gold pieces.

Inventory:

Hand Weapons
 a - a +3 quarterstaff (weapon)
Missiles
 l - 12 poisoned darts
 m - 4 boomerangs (quivered)
 s - 34 stones
 x - a throwing net
Armour
 d - a +0 leather armour (worn)
 o - a +0 cloak (worn)
 p - a +1 pair of boots (worn)
Jewellery
 f - a ring of resist corrosion (left hand)
 C - an amulet of guardian spirit
Wands
 z - a wand of flame (26)
Scrolls
 b - 5 scrolls of teleportation
 c - a scroll of fog
 g - a scroll of enchant weapon {unknown}
 h - 5 scrolls of identify {unknown}
 i - a scroll of butterflies {unknown}
 n - 2 scrolls of poison {unknown}
 q - a scroll of blinking {unknown}
 r - a scroll of amnesia {unknown}
 u - a scroll of torment {unknown}
 w - 2 scrolls of enchant armour {unknown}
 y - a scroll of vulnerability {unknown}
 A - a scroll of immolation {unknown}
Potions
 e - a potion of berserk rage {unknown}
 j - a potion of lignification {unknown}
 k - 3 potions of mutation {unknown}
 t - a potion of curing {unknown}
 v - a potion of resistance {unknown}
 B - 2 potions of degeneration {unknown}


   Skills:
 + Level 7.2 Fighting
 + Level 3.0 Short Blades
 + Level 3.0 Long Blades
 + Level 3.0 Axes
 + Level 3.0 Maces & Flails
 + Level 3.0 Polearms
 + Level 10.8 Staves
 + Level 3.0 Ranged Weapons
 + Level 3.0 Throwing
 + Level 4.0 Armour
 + Level 3.0 Dodging
 + Level 3.8 Stealth
 + Level 3.0 Shields
 + Level 3.0 Unarmed Combat
 + Level 3.0 Spellcasting
 + Level 2.4 Conjurations
 + Level 2.4 Hexes
 + Level 2.4 Summonings
 + Level 2.4 Necromancy
 + Level 2.4 Translocations
 + Level 2.4 Transmutations
 + Level 2.4 Fire Magic
 + Level 2.4 Ice Magic
 + Level 2.4 Air Magic
 + Level 2.4 Earth Magic
 + Level 2.4 Poison Magic
 + Level 3.2 Invocations
 + Level 3.0 Evocations


You had 13 spell levels left.
You didn't know any spells.
Your spell library contained the following spells:

 Spells                   Type           Power      Damage    Failure   Level
 Blink                    Tloc           10%        N/A       22%         2
 Lesser Beckoning         Tloc           10%        N/A       22%         2
 Momentum Strike          Conj/Tloc      10%        3d8       22%         2
 Dazzling Flash           Conj/Hex       10%        N/A       38%         3
 Volatile Blastmotes      Fire/Tloc      10%        2d10      38%         3
 Fulminant Prism          Conj/Hex       2%         3d5       80%         4
 Iskenderun's Mystic Bla  Conj/Tloc      5%         2d3       80%         4
 Lee's Rapid Deconstruct  Erth           2%         3d5*      98%         5
 Starburst                Conj/Fire      2%         6d3       100%        6


Dungeon Overview and Level Annotations

Branches:
Dungeon (5/15)              Sewer (visited)
 Temple: D:4-7

Altars:
Gozag


Innate Abilities, Weirdness & Mutations

You have very sharp teeth.
Your uncanny sense of smell can sniff out nearby items.
Your experience applies equally to all skills.


Message History

You have reached level 8!
You feel agile.
You feel very sick.
You feel very sick.
An orc priest is nearby!
You throw a boomerang. The boomerang hits the orc priest!
The orc priest is heavily wounded.
You feel very sick.
You throw a boomerang.
The boomerang hits the orc priest but does no damage.
The orc priest is heavily wounded.
You feel sick.
The orc priest invokes the aid of Beogh against you.
Beogh smites you!
You are too injured to fight recklessly!
Hit: a) +3 quarterstaff
Press: ? - help, Dir - move target, f - you, p - orc priest
Okay, then.
Throw: 4 boomerangs
Press: ? - help, Q - select action, (/) - cycle Shift-Dir - straight line, f/p - orc priest
Aim: an orc priest, wielding a +0 short sword and wearing a +0 leather armour (heavily wounded, 63% to hit)
You throw a boomerang.
The boomerang closely misses the orc priest.
You feel sick.
The orc priest invokes the aid of Beogh against you.
Pain shoots through your body!
* * * LOW HITPOINT WARNING * * *
You feel sick.
You feel sick.
Okay, then.
You feel sick.
The orc priest is distracted by your dazzling golden aura.
You feel sick.
You feel sick.
You are no longer poisoned.
The orc priest is no longer distracted by gold.
The orc priest mumbles some strange prayers to Beogh against you.
Beogh smites you!
You die...
Your body crumbles into a pile of gold.

###########
#....@....#
#.........#
#.........# #######
#.........####
......##
#......$......
.......##
#.......$.###
........#
#.........##........#
........#
#.......o(##........#
.....)..#
#.........##........#


You could see an orc priest.

Vanquished Creatures
  A water moccasin (D:5)
  An ogre (D:3)
  A phantom (D:4)
  A kobold brigand (Sewer)
  A howler monkey (D:4)
  2 hounds
  An iguana (D:4)
  2 orc wizards (D:4)
  9 gnolls
  11 adders
  5 river rats (Sewer)
  A dart slug (D:1)
  3 orcs (D:4)
  12 ball pythons
  5 endoplasms
  3 giant cockroaches
  16 goblins
  8 hobgoblins
  10 jackals
  8 kobolds
  3 bats (D:2)
  A frilled lizard (Sewer)
  8 rats
113 creatures vanquished.

Notes
Turn   | Place    | Note
-------+----------+-------------------------------------------
     0 | D:1      | Reached skill level 10 in Staves
     0 | D:1      | Ironcache the Gnoll Wanderer began the quest for the Orb.
     0 | D:1      | Ironcache set off with the following items: a +3
                  | quarterstaff, a scroll of teleportation, a scroll of fog, a
                  | +0 leather armour.
     0 | D:1      | Reached XP level 1. HP: 23/23 MP: 1/1
   399 | D:1      | Reached XP level 2. HP: 25/29 MP: 2/2
   471 | D:1      | Found a faded altar of an unknown god.
   488 | D:1      | Prayed at the altar of an unknown god.
   488 | D:1      | Became a worshipper of Gozag Ym Sagoz the Greedy
  1053 | D:2      | Reached XP level 3. HP: 35/35 MP: 3/3
  1207 | D:2      | Reached skill level 1 in Invocations
  1613 | D:3      | Reached skill level 1 in Short Blades
  1613 | D:3      | Reached skill level 1 in Long Blades
  1613 | D:3      | Reached skill level 1 in Axes
  1613 | D:3      | Reached skill level 1 in Maces & Flails
  1613 | D:3      | Reached skill level 1 in Polearms
  1613 | D:3      | Reached skill level 1 in Ranged Weapons
  1613 | D:3      | Reached skill level 1 in Throwing
  1613 | D:3      | Reached skill level 1 in Dodging
  1613 | D:3      | Reached skill level 1 in Shields
  1613 | D:3      | Reached skill level 1 in Unarmed Combat
  1613 | D:3      | Reached skill level 1 in Spellcasting
  1613 | D:3      | Reached skill level 1 in Evocations
  1706 | D:3      | Noticed an ogre
  1739 | D:3      | Killed an ogre
  1740 | D:3      | Reached skill level 1 in Conjurations
  1740 | D:3      | Reached skill level 1 in Hexes
  1740 | D:3      | Reached skill level 1 in Summonings
  1740 | D:3      | Reached skill level 1 in Necromancy
  1740 | D:3      | Reached skill level 1 in Translocations
  1740 | D:3      | Reached skill level 1 in Transmutations
  1740 | D:3      | Reached skill level 1 in Fire Magic
  1740 | D:3      | Reached skill level 1 in Ice Magic
  1740 | D:3      | Reached skill level 1 in Air Magic
  1740 | D:3      | Reached skill level 1 in Earth Magic
  1740 | D:3      | Reached skill level 1 in Poison Magic
  1740 | D:3      | Reached XP level 4. HP: 41/41 MP: 4/6
  1740 | D:3      | Reached XP level 5. HP: 47/47 MP: 4/7
  2858 | D:4      | Reached XP level 6. HP: 42/53 MP: 8/8
  3030 | D:4      | Found a glowing drain.
  3059 | Sewer    | Entered a sewer
  3361 | Sewer    | Reached XP level 7. HP: 49/60 MP: 10/10
  4504 | D:5      | Entered Level 5 of the Dungeon
  4872 | D:5      | Reached XP level 8. HP: 49/67 MP: 12/12
  4881 | D:5      | Killed from afar by an orc priest

Illustrated notes

Levels and vault maps discovered:
D:1:      roderic_dead_forest, layout_basic, basic_ecumenical_altar
D:2:      layout_basic
D:3:      cheibrodos_greedy_goblins, layout_basic, hex_tiny, minivault_26
D:4:      layout_basic, gup_sewer_entry_glass
D:5:      layout_rooms, lemuel_temple_firewalk_b, serial_shops,
          nicolae_shop_bloodbath_and_beyond

Skill      XL: |  1  2  3  4  5  6  7 |
---------------+----------------------+-----
Staves         | | 10.8
Invocations    | 1 2 3 |  3.2
Short Blades   | 1 2 3 |  3.0
Long Blades    | 1 2 3 |  3.0
Axes           | 1 2 3 |  3.0
Maces & Flails | 1 2 3 |  3.0
Polearms       | 1 2 3 |  3.0
Ranged Weapons | 1 2 3 |  3.0
Throwing       | 1 2 3 |  3.0
Dodging        | 1 2 3 |  3.0
Shields        | 1 2 3 |  3.0
Unarmed Combat | 1 2 3 |  3.0
Spellcasting   | 1 2 3 |  3.0
Evocations     | 1 2 3 |  3.0
Conjurations   | 1 2 |  2.4
Hexes          | 1 2 |  2.4
Summonings     | 1 2 |  2.4
Necromancy     | 1 2 |  2.4
Translocations | 1 2 |  2.4
Transmutations | 1 2 |  2.4
Fire Magic     | 1 2 |  2.4
Ice Magic      | 1 2 |  2.4
Air Magic      | 1 2 |  2.4
Earth Magic    | 1 2 |  2.4
Poison Magic   | 1 2 |  2.4
Armour         | 3 4 |  4.0
Stealth        | 3 |  3.8
Fighting       | 7 |  7.2

Action                     |  1- 3 |  4- 6 |  7- 9 || total
---------------------------+-------+-------+-------++-------
  Melee: Quarterstaff      |    55 |   146 |    94 ||   295
         Bite              |     4 |    18 |     8 ||    30
  Throw: Boomerang         |     5 |    26 |    16 ||    47
   Stab: Sleeping          |     1 |       |     1 ||     2
         Distracted        |     1 |     2 |       ||     3
 Armour: Leather armour    |    18 |    28 |    20 ||    66
  Dodge: Dodged            |    19 |    68 |    36 ||   123
